 Dungeon Sprint DCSS version 0.17-a0-671-g4330659 (webtiles) character file.

164 sugabear the Skirmisher (level 5, -7/38 HPs)
             Began as a Gargoyle Fighter on Apr 18, 2015.
             Was an Initiate of Makhleb.
             Mangled by an ogre
             ... wielding a cursed -1 giant club
              (14 damage)
             ... in the Dungeon (Sprint IX: "|||||||||||||||||||||||||||||").
             The game lasted 00:00:56 (336 turns).

sugabear the Skirmisher (Gargoyle Fighter)           Turns: 336, Time: 00:00:56

Health: -7/38      AC: 20    Str: 21    XL:     5   Next: 45%
Magic:  5/5        EV: 11    Int:  8    God:    Makhleb [......]
Gold:   0          SH:  0    Dex:  9    Spells: 0 memorised, 4 levels left

rFire  . . .     SeeInvis .     p - +2 dire flail (protect)
rCold  . . .     Clarity  .     s - +2 ring mail
rNeg   + . .     SustAb   .     (no shield)
rPois  ∞         Gourm    .     r - +0 helmet
rElec  +         Spirit   .     q - +0 cloak
rCorr  .         Warding  .     (no gloves)
rMut   .         NoTele   +     (no boots)
MR     .....                    (no amulet)
Stlth  ..........               (no ring)
                                (no ring)

@: not resistant to hostile enchantments, extremely unstealthy
A: negative energy resistance 1, electricity resistance, unbreathing,
petrification resistance, rot immunity, AC +4
a: Renounce Religion


You were in the Dungeon.
You worshipped Makhleb.
Makhleb was noncommittal.
You were not hungry.

You visited 1 branch

Inventory:

Hand weapons
 a - a +0 flail
 p - a +2 dire flail of protection (weapon)
Armour
 b - a +0 scale mail
 c - a +0 shield
 q - a +0 cloak (worn)
 r - a +0 helmet (worn)
 s - a +2 ring mail (worn)
Jewellery
 t - a +2 ring of evasion
 u - a +2 ring of evasion
Magical devices
 o - a wand of fire (7)
Scrolls
 k - 2 scrolls of blinking
 m - 3 scrolls of remove curse
 n - 2 scrolls of amnesia
Potions
 e - a potion of might
 f - 5 potions of curing
 g - 3 potions of heal wounds
 h - a potion of haste
 i - 4 potions of magic
 j - a potion of berserk rage
 l - a potion of invisibility
Comestibles
 d - a bread ration


   Skills:
 + Level 7.0 Fighting
 + Level 4.0 Maces & Flails
 + Level 6.9 Armour
 + Level 1.6 Dodging
 + Level 6.9 Shields


You had 4 spell levels left.
You didn't know any spells.

Dungeon Overview and Level Annotations

Branches:
Dungeon (1/1)

Altars:
Cheibriados
Dithmenos
Elyvilon
Fedhas
Gozag
Kikubaaqudgha
Makhleb
Nemelex Xobeh
Okawaru
Qazlal
Ru
Sif Muna
Trog
Vehumet
Xom
Yredelemnul
Zin
The Shining One
Beogh
Jiyva
Lugonu


Innate Abilities, Weirdness & Mutations

You are resistant to torment.
Your stone body is resilient (AC +4).
You are immune to poison.
You resist negative energy.
You are resistant to electric shocks.
You can survive without breathing.
You are immune to petrification.
You are immune to rotting.


Message History

The ogre hits you with a giant spiked club!!
Ouch! That really hurt!
* * * LOW HITPOINT WARNING * * *
You puncture the ogre!
You kill the ogre!
Makhleb accepts your kill.
Your Fighting skill gained 2 levels and is now at level 7!
Your Maces & Flails skill increases to level 4!
Your Armour skill increases to level 6!
Your Shields skill increases to level 6!
You have reached level 5!
You hit the ball python zombie.
The ball python zombie bites you but does no damage.
The ball python zombie closely misses you.
You sock the ball python zombie!
You destroy the ball python zombie!
Makhleb accepts your kill.
Your ring mail prevents you from hitting the ogre.
The ogre hits you with a giant club!
You die...

▓.▓
▓.▓
▓|▓
▓)▓
▓.▓
▓.▓
▓.▓
▓.▓
▓@▓
▓O▓
▓.▓
▓g▓
▓b▓
▓T▓
▓.▓
▓.▓
▓+▓


You could see a troll, an ogre, a hobgoblin and a bat.

Vanquished Creatures
  An ogre (D)
  2 hounds (D)
  An adder (D)
  A bat (D)
  A giant cockroach (D)
  A goblin (D)
  A hobgoblin (D)
  A jackal (D)
  A ball python zombie (D)
  A giant newt (D)
  A rat (D)
12 creatures vanquished.

Notes
Turn   | Place    | Note
--------------------------------------------------------------
     0 | D        | sugabear, the Gargoyle Fighter, began the quest for the Orb.
     0 | D        | Reached XP level 1. HP: 14/14 MP: 1/1
     9 | D        | Reached skill level 4 in Armour
    22 | D        | Noticed a hound
    22 | D        | Noticed a hound
    26 | D        | Killed a hound
    26 | D        | Reached skill level 5 in Armour
    26 | D        | Reached XP level 2. HP: 15/20 MP: 2/2
    26 | D        | Reached XP level 3. HP: 18/25 MP: 3/3
    29 | D        | Reached skill level 5 in Fighting
    38 | D        | Killed a hound
    38 | D        | Reached skill level 1 in Dodging
    38 | D        | Reached skill level 5 in Shields
    38 | D        | Reached XP level 4. HP: 16/32 MP: 4/4
   201 | D        | Found a glowing silver altar of Zin.
   201 | D        | Found a glowing golden altar of the Shining One.
   201 | D        | Found an ancient bone altar of Kikubaaqudgha.
   201 | D        | Found a basalt altar of Yredelemnul.
   201 | D        | Found a shimmering altar of Xom.
   201 | D        | Found a radiant altar of Vehumet.
   201 | D        | Found an iron altar of Okawaru.
   202 | D        | Found a burning altar of Makhleb.
   203 | D        | Found a deep blue altar of Sif Muna.
   204 | D        | Found a bloodstained altar of Trog.
   205 | D        | Found a sparkling altar of Nemelex Xobeh.
   206 | D        | Found a white marble altar of Elyvilon.
   207 | D        | Found a roughly hewn altar of Beogh.
   208 | D        | Found a viscous altar of Jiyva.
   209 | D        | Found a corrupted altar of Lugonu.
   210 | D        | Found a blossoming altar of Fedhas.
   211 | D        | Found a snail-covered altar of Cheibriados.
   212 | D        | Found a shadowy altar of Dithmenos.
   213 | D        | Found a stormy altar of Qazlal.
   214 | D        | Found an opulent altar of Gozag.
   215 | D        | Found a sacrificial altar of Ru.
   279 | D        | Became a worshipper of Makhleb the Destroyer
   329 | D        | Noticed an ogre
   329 | D        | Noticed an ogre
   329 | D        | Noticed a troll
   333 | D        | Killed an ogre
   333 | D        | Reached skill level 7 in Fighting
   333 | D        | Reached XP level 5. HP: 7/38 MP: 5/5
   336 | D        | Mangled by an ogre

Action                   |  1- 3 |  4- 6 || total
-------------------------+-------+-------++-------
Melee: Flail             |    27 |       ||    27
       Dire flail        |       |     7 ||     7
